 Dungeon Crawl Stone Soup version 0.28-a0-258-g8de209e91f (webtiles) character file.

Game seed: 7056970208928159840

576 bande the Covered (level 7, -9/44 HPs)
             Began as a Gargoyle Fighter on Aug 26, 2021.
             Was an Initiate of Okawaru.
             Mangled by a wight (13 damage)
             ... on level 4 of the Dungeon.
             The game lasted 00:07:40 (5070 turns).

bande the Covered (Gargoyle Fighter)                Turns: 5070, Time: 00:07:41

Health: -9/44      AC: 14    Str: 26    XL:     7   Next: 35%
Magic:  9/9        EV:  8    Int:  9    God:    Okawaru [......]
Gold:   223        SH:  8    Dex: 10    Spells: 6/6 levels left

rFire   . . .      SeeInvis .   a - +1 war axe
rCold   . . .      Faith    .   c - +0 kite shield
rNeg    + . .      Spirit   .   b - +0 scale mail
rPois   ∞          Reflect  .   (no helmet)
rElec   +          Harm     .   h - +0 cloak
rCorr   .          Rampage  .   (no gloves)
Will    .....                   f - +0 pair of boots
Stlth   ..........              (no amulet)
HPRegen 0.14/turn               e - +6 ring of strength
MPRegen 0.11/turn               (no ring)

@: no status effects
A: sickness immunity, AC +4, negative energy resistance 1, electricity
resistance, torment resistance 1, petrification resistance
a: Renounce Religion


You were on level 4 of the Dungeon.
You worshipped Okawaru.
Okawaru was noncommittal.
You visited 1 branch of the dungeon, and saw 4 of its levels.

You collected 233 gold pieces.
You spent 10 gold pieces at shops.

Inventory:

Hand Weapons
 a - a +1 war axe (weapon)
 g - a +0 flail
 i - a +0 war axe
Armour
 b - a +0 scale mail (worn)
 c - a +0 kite shield (worn)
 f - a +0 pair of boots (worn)
 h - a +0 cloak (worn)
Jewellery
 e - a +6 ring of strength (left hand)
Scrolls
 l - 2 scrolls of magic mapping {unknown}
 m - a scroll of amnesia {unknown}
 n - a scroll of teleportation {unknown}
Potions
 d - a potion of might
 j - a potion of magic
 k - a potion of cancellation {unknown}


   Skills:
 + Level 4.3 Fighting
 + Level 4.5 Axes
 + Level 4.8 Armour
 + Level 1.1 Dodging
 + Level 4.4 Shields
 * Level 2.8 Invocations


You had 6 spell levels left.
You didn't know any spells.
Your spell library contained the following spells:

 Spells                   Type           Power      Damage    Failure   Level
 Portal Projectile        Hex/Tloc       0%         N/A       100%        3
 Leda's Liquefaction      Hex/Erth       0%         N/A       100%        4
 Call Canine Familiar     Summ           Unusable   N/A       N/A         3

Dungeon Overview and Level Annotations

Branches:
Dungeon (4/15)
 Temple: D:4-7

Altars:
Okawaru

Shops:
D:4 *(!


Innate Abilities, Weirdness & Mutations

You are immune to sickness and miasma.
Your stone body is resilient. (AC +4)
You are immune to poison.
You resist negative energy. (rN+)
You are resistant to electric shocks. (rElec)
You are resistant to unholy torment.
You are immune to petrification.


Message History

You are too injured to fight recklessly!
You are too injured to fight recklessly!
Unknown command.
Your shield and scale mail prevent you from hitting the wight.
The wight is moderately damaged.
You block the wight's attack.
Unknown command.
The wight hits you but does no damage. You block the wight's attack.
There is an escape hatch in the ceiling here.
Things that are here:
a +4 falchion; a +0 robe You closely miss the wight.
You slash the wight! You block the wight's attack. The wight barely misses you.
Unknown command.
You barely miss the wight. x2
The wight hits you with a +2 mace of freezing.
The wight freezes you. You block the wight's attack.
The wight hits you with a +2 mace of freezing.
* * * LOW HITPOINT WARNING * * *
The wight freezes you.
* * * LOW HITPOINT WARNING * * *
You block the wight's attack.
You closely miss the wight. x2; You block the wight's attack. x2
You slash the wight!
The wight is heavily damaged.
You barely miss the wight. You block the wight's attack.
The wight hits you with a +5 falchion.
* * * LOW HITPOINT WARNING * * *
The wight hits you but does no damage.
Unknown command.
You hit the wight but do no damage.
The wight is heavily damaged.
You hit the wight but do no damage. The wight hits you with a +5 falchion.
* * * LOW HITPOINT WARNING * * *
The wight hits you with a +2 mace of freezing.
* * * LOW HITPOINT WARNING * * *
The wight freezes you.
* * * LOW HITPOINT WARNING * * *
The wight hits you with a +5 falchion!
You die...

### #.......# #.......#
#.......# # #.......## #.
####.##.#. #.#####
#.##.#. .....# #####..
#.#!####.# #.....#..
#..z@z...# #.∩.>.#..
#.#.###### #.....#.#
#.#.... #######.#
#######.##.##############
?........................
#######.##.##############
#.##.# ..##.# #####.#


You could see 2 wights.

Vanquished Creatures
  A bullfrog (D:4)
  A scorpion (D:4)
  2 wights (D:4)
  4 hounds (D:4)
  Crazy Yiuf (D:2)
  An orc priest (D:4)
  Jessica (D:2)
  A hound skeleton (D:4)
  A howler monkey skeleton (D:4)
  Robin (D:4)
  2 adders
  An ufetubus (D:3)
  2 worms (D:2)
  A dart slug (D:2)
  7 orcs
  11 ball pythons
  3 bats
  7 endoplasms
  2 giant cockroaches
  15 hobgoblins
  13 kobolds
  4 quokkas
  2 frilled lizards
  11 goblins
  3 rats
98 creatures vanquished.

Notes
Turn   | Place    | Note
-------+----------+-------------------------------------------
     0 | D:1      | bande the Gargoyle Fighter began the quest for the Orb.
     0 | D:1      | Reached XP level 1. HP: 14/14 MP: 1/1
   153 | D:1      | Found a faded altar of an unknown god.
   155 | D:1      | Reached XP level 2. HP: 18/19 MP: 2/2
  1061 | D:1      | Reached XP level 3. HP: 21/23 MP: 3/3
  2179 | D:2      | Found an iron altar of Okawaru.
  2188 | D:2      | Became a worshipper of Warmaster Okawaru
  2507 | D:2      | Noticed Jessica
  2512 | D:2      | Killed Jessica
  2513 | D:2      | Reached XP level 4. HP: 29/29 MP: 4/4
  2675 | D:2      | Found a runed translucent door.
  2676 | D:2      | Noticed Crazy Yiuf
  2714 | D:2      | Killed Crazy Yiuf
  3133 | D:3      | Reached XP level 5. HP: 32/33 MP: 5/5
  3831 | D:4      | Found Qigeol's Antique Weapon Boutique.
  3833 | D:4      | Noticed Robin
  4083 | D:4      | Killed Robin
  4084 | D:4      | Reached skill level 1 in Invocations
  4254 | D:4      | Reached XP level 6. HP: 30/38 MP: 5/7
  4261 | D:4      | Found Tyrocesy's Distillery.
  4356 | D:4      | Bought a potion of degeneration for 10 gold pieces
  4448 | D:4      | Reached skill level 1 in Dodging
  4464 | D:4      | Found Jobaxiff's General Store.
  4557 | D:4      | Reached XP level 7. HP: 36/43 MP: 8/8
  4688 | D:4      | HP: 2/43 [orc (3)]
  5070 | D:4      | Mangled by a wight

Illustrated notes

Levels and vault maps discovered:
D:1:      sevenhm_arrival_forest_fort_large_4, layout_basic,
          hellmonk_ecumenical_altar_prayer_group, serial_glass, glass_columns_b,
          glass_columns_b, hangedman_decor_lopped
D:2:      layout_basic, basic_altar, minivault_25, hangedman_decor_growths,
          uniq_crazy_yiuf_cottage, uniq_jessica
D:3:      layout_basic
D:4:      minmay_inner_zag, layout_basic, serial_shops,
          nicolae_shop_temple_entry_statues_fountains, nicolae_take_the_stairs,
          nicolae_stop_n_shop_2, uniq_robin

Skill      XL: |  1  2  3  4  5  6 |
---------------+-------------------+-----
Axes           | 2 3 4 |  4.5
Armour         | 4 |  4.8
Invocations    | 1 2 |  2.8
Shields        | 4 |  4.4
Fighting       | 4 |  4.3
Dodging        | 1 |  1.1

Action                   |  1- 3 |  4- 6 |  7- 9 || total
-------------------------+-------+-------+-------++-------
Melee: War axe           |   133 |   137 |    35 ||   305
  Use: Scroll            |     5 |       |     1 ||     6
       Potion            |       |     1 |     1 ||     2
Armor: Scale mail        |    91 |   113 |     9 ||   213
Dodge: Dodged            |    43 |    71 |     5 ||   119
Block: Kite shield       |    51 |    77 |    20 ||   148

Table legend: (Time is in decaauts)
 A = Elapsed time spent in this place.
 B = Non-inter-level travel time spent in this place.
 C = Inter-level travel time spent in this place.
 D = Time resting spent in this place.
 E = Time spent auto-exploring this place.
 F = Levels seen in this place.
 G = Mean time per level.
                   A        B        C        D        E       F      G
               +--------+--------+--------+--------+--------+-----+--------+
         Total |   5241 |   5178 |     63 |    749 |   3428 |   4 | 1310.2 |
       Dungeon |   5241 |   5178 |     63 |    749 |   3428 |   4 | 1310.2 |
               +--------+--------+--------+--------+--------+-----+--------+

Top non-repeatable levels by time:
     D:1: 1643 daAuts
     D:2: 1407 daAuts
     D:3: 1120 daAuts
     D:4: 1069 daAuts
